 Dungeon Crawl Stone Soup version 0.30-a0-358-g0d69a1922f (webtiles) character file.

Game seed: 1063923997344249286

114 lokiplouj the Covered (level 4, -1/40 HPs)
             Began as an Armataur Fighter on Nov 9, 2022.
             Slain by Ijyb
             ... wielding a +0 dagger
              (5 damage)
             ... on level 3 of the Dungeon.
             The game lasted 00:03:25 (1943 turns).

lokiplouj the Covered (Armataur Fighter)            Turns: 1943, Time: 00:03:26

Health: -1/40      AC:  7    Str: 23    XL:     4   Next: 66%
Magic:  4/4        EV:  7    Int:  8    God:
Gold:   167        SH:  4    Dex: 10    Spells: 3/3 levels left

rFire   . . .      SeeInvis .    a - +0 war axe
rCold   . . .      Faith    .    c - +0 buckler
rNeg    . . .      Spirit   .    b - +0 scale mail
rPois   .          Reflect  .    (no helmet)
rElec   .          Harm     .    (no cloak)
rCorr   .          Roll     +    (no gloves)
Will    .....                    (no barding)
Stlth   ..........               (no amulet)
HPRegen 0.26/turn                (no ring)
MPRegen 0.09/turn                (no ring)

@: no status effects
A: large, rugged brown scales 3, deformed body, armoured tail, roll, long
tongue, awkward tongue
a: no special abilities


You were on level 3 of the Dungeon.
You visited 1 branch of the dungeon, and saw 3 of its levels.

You collected 167 gold pieces.

Inventory:

Hand Weapons
 a - a +0 war axe (weapon)
Armour
 b - a +0 scale mail (worn)
 c - a +0 buckler (worn)
Scrolls
 e - a scroll of teleportation
 i - a scroll of immolation {unknown}
 j - a scroll of fear {unknown}
 k - a scroll of noise {unknown}
 m - 2 scrolls of identify {unknown}
 p - 2 scrolls of enchant weapon {unknown}
Potions
 d - 2 potions of might
 f - a potion of flight {unknown}
 g - a potion of cancellation {unknown}
 h - 2 potions of degeneration {unknown}
 l - 2 potions of heal wounds {unknown}
 n - a potion of attraction {unknown}
 o - a potion of curing


   Skills:
 + Level 3.1 Fighting
 + Level 2.6 Axes
 + Level 4.7 Armour
 + Level 0.5 Dodging
 + Level 3.7 Shields


You had 3 spell levels left.
You didn't know any spells.
Your spell library contained the following spells:

 Spells                   Type           Power      Damage    Failure   Level
 Ignite Poison            Fire/Tmut/Pois 0%         N/A       98%         3
 Sticky Flame             Conj/Fire      0%         2d3       100%        4
 Ignition                 Fire           0%         3d3       100%        8


Dungeon Overview and Level Annotations

Branches:
Dungeon (3/15)

Altars:
Ashenzari

Shops:
D:2 :?[

Annotations:
D:3 Ijyb


Innate Abilities, Weirdness & Mutations

You are completely covered in rugged brown scales. (AC +3, +7% HP)
Armour fits poorly on your strangely shaped body.
You have a long armoured tail.
You roll when moving toward enemies. (Rampage)
Your long tongue fully drains potion bottles. (2x potion effects)
Your tongue gives you trouble enunciating. (1.5x scroll delay)


Message History

Unknown command.
There are monsters nearby!
You are too injured to fight recklessly!
Unknown command.
You are too injured to fight recklessly!
There are monsters nearby!
There are monsters nearby!
You are too injured to fight recklessly!
You hit Ijyb.
Ijyb is moderately wounded.
You closely miss the kobold. The kobold hits you with a +0 dagger.
Ijyb drinks a potion.
Ijyb goes berserk!
You closely miss Ijyb.
Ijyb is moderately wounded.
You hit the kobold. Ijyb hits you with a +0 dagger.
The kobold hits you with a +0 dagger. Ijyb hits you but does no damage.
You barely miss Ijyb.
Ijyb is moderately wounded.
You miss the kobold. Ijyb hits you with a +0 dagger.
You block the kobold's attack. Ijyb hits you but does no damage.
The kobold closely misses you.
You hit Ijyb.
Ijyb is heavily wounded.
You closely miss the kobold. Ijyb hits you but does no damage.
Ijyb hits you with a +0 dagger.
* * * LOW HITPOINT WARNING * * *
The kobold hits you with a +0 dagger.
* * * LOW HITPOINT WARNING * * *
You barely miss Ijyb.
Ijyb is heavily wounded.
You hit the kobold. You block Ijyb's attack. The kobold closely misses you.
Ijyb barely misses you. The kobold hits you but does no damage.
Ijyb hits you with a +0 dagger.
* * * LOW HITPOINT WARNING * * *
You hit Ijyb but do no damage.
Ijyb is heavily wounded.
You barely miss the kobold. You block Ijyb's attack.
The kobold barely misses you. Ijyb hits you with a +0 dagger.
You die...

#.###...####### #
#.....#.....# # #
##########...###.# #
#.#.#.#.#.##..####.#####
.........)#............
#.#.#.#.#.#........##...
#.....K...)#..####.##..#
#.#.#.#.#.##..... .....
#.....g@...#..#### ##..#
#.#.#.#.#.##..# #.##...
....<...>... .......
#.#.#.#.#..... .....##
...#.##.#...... .... ##
#.. # . #.... . #. #. ?
#... #. .# #. #. #..###.


You could see Ijyb (berserk) and a kobold.

Vanquished Creatures
  3 adders (D:2)
  A worm (D:2)
  3 dart slugs
  2 orcs (D:3)
  5 endoplasms
  3 goblins
  9 hobgoblins
  11 jackals
  6 quokkas
  9 ball pythons
  2 bats
  3 frilled lizards
  5 kobolds
  5 rats
67 creatures vanquished.

Notes
Turn   | Place    | Note
-------+----------+-------------------------------------------
     0 | D:1      | lokiplouj the Armataur Fighter began the quest for the Orb.
     0 | D:1      | Reached XP level 1. HP: 19/19 MP: 1/1
    78 | D:1      | Reached XP level 2. HP: 19/26 MP: 2/2
   470 | D:1      | Reached skill level 4 in Armour
   470 | D:1      | Reached XP level 3. HP: 30/33 MP: 3/3
   800 | D:2      | Found Vaufot's Magic Scroll Boutique.
   810 | D:2      | Found Wupakleu's Antique Armour Emporium.
   917 | D:2      | Found a broken altar of Ashenzari.
   956 | D:2      | Found Famoampyih's Book Emporium.
  1185 | D:2      | Reached XP level 4. HP: 40/40 MP: 4/4
  1931 | D:3      | Noticed Ijyb
  1943 | D:3      | Slain by Ijyb

Illustrated notes

Levels and vault maps discovered:
D:1:      evilmike_arrival_home_sweet_home, layout_basic, minmay_pentomino_p4
D:2:      layout_loops_ring, basic_altar, serial_shops, nicolae_shop_stone,
          nicolae_shop_hallway_stairs, nicolae_shop_statue_plus, minmay_cupped
D:3:      minmay_wonky_spiral, layout_loops_ring, st_stairs_9, kennysheep_boxes,
          uniq_ijyb

Skill      XL: |  1  2 |
---------------+-------+-----
Fighting       | 3 |  3.1
Axes           | 2 |  2.6
Armour         | 4 |  4.7
Dodging        | |  0.5
Shields        | |  3.7

Action                   |  1- 3 |  4- 6 || total
-------------------------+-------+-------++-------
Melee: War axe           |   126 |    63 ||   189
       Tailslap          |    10 |     6 ||    16
  Use: Scroll            |     1 |       ||     1
       Potion            |       |     1 ||     1
Armor: Scale mail        |    77 |    31 ||   108
Dodge: Dodged            |    61 |    17 ||    78
Block: Buckler           |    35 |    13 ||    48

Table legend: (Time is in decaauts)
 A = Elapsed time spent in this place.
 B = Non-inter-level travel time spent in this place.
 C = Inter-level travel time spent in this place.
 D = Time resting spent in this place.
 E = Time spent auto-exploring this place.
 F = Levels seen in this place.
 G = Mean time per level.
                   A        B        C        D        E       F      G
               +--------+--------+--------+--------+--------+-----+--------+
         Total |   2030 |   1833 |    197 |      0 |   1362 |   3 |  676.7 |
       Dungeon |   2030 |   1833 |    197 |      0 |   1362 |   3 |  676.7 |
               +--------+--------+--------+--------+--------+-----+--------+

Top non-repeatable levels by time:
     D:2: 869 daAuts
     D:1: 814 daAuts
     D:3: 346 daAuts
